Map: Frozen Temple

Players

Diord

  • Race: Terran Terran
  • League: Grandmaster

Miszu - Winner!

  • Race: Terran Terran
  • League: Grandmaster

VOD

Have the link to the VOD?

Description

Time

  • Played on: May 16, 2016, 4:50 p.m.
  • Length: 10:49
Show
View Real Time Build Order
Export as new Build Order

Diord Terran 

Build Orders: Reaper Expand 

Get SALT Encoding   

  12  0:02  SCV  
  13  0:14  SCV  
  13  0:18  Supply Depot  
  14  0:26  SCV  
  15  0:39  SCV  
  15  0:42  Barracks  
  16  0:45  Refinery  
  16  0:51  SCV  
  17  1:03  SCV  
  18  1:16  SCV  
  19  1:30  Reaper, Orbital Command  
  20  1:47  Command Center  
  20  1:55  Supply Depot  
  20  1:56  SCV  
  21  2:02  Marine  
  22  2:11  Factory  
  22  2:15  SCV  
  23  2:18  Refinery  
  23  2:24  Barracks Reactor  
  23  2:27  SCV  
  24  2:39  SCV  
  25  2:51  SCV  
  25  2:57  Factory Tech Lab  
  26  2:58  Orbital Command  
  26  3:00  Starport  
  26  3:06  Marine x2  
  28  3:13  SCV  
  32  3:20  Siege Tank  
  32  3:24  Marine x2  
  32  3:26  SCV  
  35  3:28  SCV  
  36  3:37  Viking  
  36  3:40  Supply Depot  
  38  3:42  Marine  
  38  3:44  Marine  
  38  3:47  SCV  
  41  3:51  SCV  
  42  3:59  Siege Tank  
  42  4:02  Marine  
  46  4:15  Supply Depot  
  45  4:22  SCV  
  45  4:23  SCV  
  44  4:29  Orbital Command  
  43  4:33  Marine x2, Siege Tank  
  46  4:44  Viking  
  48  4:50  Marine, SCV  
  48  4:51  Marine  
  51  4:58  SCV  
  52  5:05  Siege Tank  
  52  5:06  SCV  
  56  5:11  Supply Depot, SCV  
  57  5:15  Viking  
  57  5:17  Marine  
  57  5:23  Marine  
  57  5:33  Engineering Bay  
  56  5:39  SCV  
  56  5:40  SCV  
  39  5:57  SCV  
  39  5:58  SCV  
  39  6:03  Marine  
  39  6:04  Siege Tank  
  39  6:14  Marine  
  37  6:23  Marine  
  38  6:26  SCV x2  
  38  6:31  Missile Turret  
  38  6:32  Marine  
  41  6:36  Siege Tank  
  41  6:38  SCV  
  39  6:41  Marine  
  40  6:50  Marine  
  40  6:52  Viking  
  43  6:59  Marine  
  41  7:02  SCV  
  41  7:03  SCV  
  41  7:07  Marine  
  44  7:14  SCV  
  45  7:18  SCV  
  46  7:23  Siege Tank  
  46  7:25  Marine  
  48  7:33  Marine  
  48  7:34  SCV  
  45  7:41  SCV  
  45  7:43  Marine  
  47  7:50  Viking  
  47  7:51  Marine  
  45  8:03  Siege Tank  
  47  8:08  Liberator  
  47  8:10  SCV  
  47  8:12  SCV  
  46  8:28  SCV  
  46  8:39  Marine x2  
  47  8:47  SCV  
  48  8:58  SCV  
  47  9:11  Liberator  
  46  9:23  Missile Turret  
  46  9:26  SCV x2  
  51  9:32  Siege Tank  
  51  9:35  Marine  
  55  9:40  SCV  
  56  9:48  SCV  
  56  9:52  SCV  
  48  10:00  SCV  
  48  10:04  SCV  
  41  10:12  SCV  
  41  10:16  Marine x2  
  41  10:18  SCV  
  47  10:31  SCV  
Show
View Real Time Build Order
Export as new Build Order

Miszu Terran - Winner!

Build Orders: 1/1/1, MMM Bio, Banshee Rush 

Get SALT Encoding   

  12  0:01  SCV  
  13  0:13  SCV  
  14  0:17  Supply Depot  
  14  0:25  SCV  
  15  0:30  Refinery  
  15  0:39  SCV  
  16  0:48  Barracks  
  16  0:51  SCV  
  17  1:03  SCV  
  18  1:14  Refinery  
  18  1:15  SCV  
  19  1:27  SCV  
  20  1:36  Factory  
  20  1:40  Orbital Command  
  20  1:45  Reaper  
  21  1:48  Supply Depot  
  21  2:05  SCV  
  22  2:17  Reaper  
  22  2:21  Starport, Hellion  
  26  2:22  SCV  
  26  2:29  Supply Depot  
  26  2:34  SCV  
  27  2:47  SCV  
  27  2:49  Reaper  
  27  2:50  Hellion  
  31  2:57  Supply Depot  
  31  2:58  Medivac  
  34  3:12  Hellion  
  35  3:21  Barracks Tech Lab  
  35  3:24  Command Center  
  35  3:28  SCV  
  36  3:42  Factory Tech Lab  
  36  3:44  SCV  
  36  3:48  Barracks Reactor  
  37  3:53  Cloaking Field  
  37  3:54  Banshee  
  40  4:00  SCV  
  40  4:11  Siege Tank  
  40  4:24  SCV  
  40  4:25  Marine x2  
  40  4:37  Banshee  
  39  4:38  SCV  
  39  4:39  Orbital Command  
  39  4:40  Barracks  
  39  4:41  Barracks  
  40  4:49  Barracks Tech Lab  
  40  4:50  SCV  
  41  5:04  SCV  
  41  5:05  SCV  
  43  5:07  Marine  
  43  5:08  Stimpack  
  44  5:29  Marine x2  
  44  5:32  SCV x2  
  48  5:35  Banshee  
  48  5:39  Marine  
  48  5:41  Siege Tank  
  52  5:44  SCV  
  52  5:47  Marine x2  
  49  5:57  Marine  
  47  6:05  Marine x2  
  46  6:15  Marine  
  46  6:18  Banshee  
  34  6:23  Marine x2  
  36  6:26  SCV  
  36  6:31  SCV  
  36  6:32  Marine  
  38  6:39  SCV  
  34  6:40  Marine  
  34  6:46  Marine  
  31  6:47  SCV  
  31  6:49  Siege Tank  
  31  6:50  Marine  
  31  6:51  SCV  
  37  6:58  Marine  
  37  7:01  Banshee  
  38  7:16  Marine x3  
  38  7:17  SCV x2  
  38  7:18  Combat Shields  
  43  7:29  SCV x2  
  43  7:34  Marine x3  
  40  7:41  SCV  
  41  7:50  SCV  
  40  7:52  Marine x3  
  40  7:55  Medivac  
  45  8:10  Marine  
  46  8:17  Supply Depot x2  
  46  8:18  Supply Depot  
  43  8:20  Siege Tank  
  46  8:28  Barracks Reactor  
  46  8:30  Barracks Reactor  
  46  8:38  Marine  
  46  8:40  Medivac x2  
  46  8:41  SCV x2  
  53  8:47  Supply Depot  
  53  8:53  SCV x2  
  55  8:56  Marine  
  55  9:01  Siege Tank  
  59  9:09  Marine  
  59  9:10  Marine x3  
  59  9:13  Medivac  
  59  9:14  Marine  
  66  9:18  Medivac  
  68  9:24  SCV  
  68  9:25  SCV  
  68  9:29  Supply Depot  
  70  9:32  Marine  
  70  9:36  Engineering Bay  
  70  9:37  SCV  
  72  9:39  Marine x2  
  72  9:41  Marine x2  
  72  9:45  Refinery  
  76  9:50  Marine  
  77  9:56  Marine  
  69  10:10  Marine x2  
  69  10:11  Marine x2  
  73  10:14  Marine  
  73  10:17  Medivac x2, Siege Tank  
  73  10:18  SCV x2  
  82  10:22  Supply Depot  
  82  10:23  Supply Depot  
  82  10:28  Marine x2  
  82  10:29  Marine x2  
  82  10:30  SCV  
  85  10:39  Command Center  
Tags
 
Add a new tag
Caveats
  • Supply blocks, unpowered buildings, or Contaminate may cause inaccurate times.
  • Supply counts are checked every 10 seconds.